 Dungeon Sprint DCSS version 0.23.1 (webtiles) character file.

Game seed: 393755369006126315

4771 nuthulu the Imperceptible (level 10, -6/49 HPs)
             Began as a Spriggan Assassin on Mar 7, 2019.
             Was a High Priest of Dithmenos.
             Mangled by a spriggan rider
             ... wielding a +0 spear
              (13 damage)
             ... in the Dungeon (Sprint IV: "Fedhas' Mad Dash").
             The game lasted 00:04:39 (1556 turns).

nuthulu the Imperceptible (Spriggan Assassin)       Turns: 1556, Time: 00:04:39

Health: -6/49      AC:  3    Str:  7    XL:     10   Next: 23%
Magic:  15/20      EV: 31    Int: 13    God:    Dithmenos [*****.]
Gold:   137        SH:  0    Dex: 19    Spells: 9/9 levels left

rFire    . . .     SeeInvis +   a - +2 dagger
rCold    . . .     Gourm    .   (shield restricted)
rNeg     . . .     Faith    .   c - +0 robe
rPois    .         Spirit   .   (helmet restricted)
rElec    .         Reflect  .   d - +0 cloak
rCorr    .         Harm     .   (gloves unavailable)
MR       +....     NoTele   +   (boots unavailable)
Stlth    ++++++++++             n - amulet of invisibility {+Inv}
HPRegen  0.16/turn              (no ring)
MPRegen  0.17/turn              (no ring)

@: slightly contaminated, hasted (expiring), wreathed by umbra, lightly drained,
very quick
A: very small, unfitting armour, see invisible, clumsy 1, herbivore, speed 3,
slow metabolism 2
a: Shadow Step, Shadow Form, Renounce Religion, Evoke Invisibility


You were in the Dungeon.
You worshipped Dithmenos.
Dithmenos was extremely pleased with you.
You were not hungry.

You visited 1 branch You collected 207 gold pieces.
You spent 70 gold pieces at shops.

Inventory:

Hand Weapons
 a - a +2 dagger (weapon)
 b - a +0 blowgun
Missiles
 e - 8 poisoned needles
 f - 2 curare-tipped needles
Armour
 c - a +0 robe (worn)
 d - a +0 cloak (worn)
Jewellery
 n - the amulet of invisibility (around neck) {+Inv}
   (You found it in the Dungeon)

   [amulet of nothing]

   It lets you turn invisible.
 o - an uncursed amulet of faith {unknown}
Scrolls
 l - 3 scrolls of identify {unknown}
 m - a scroll of blinking
Potions
 h - 2 potions of curing
 i - 2 potions of heal wounds
 k - 2 potions of magic


   Skills:
 - Level 3.1(2.5) Fighting
 + Level 12.0(11.3) Short Blades
 - Level 2.0(1.4) Throwing
 + Level 14.9(14.1) Dodging
 * Level 21.8(20.9) Stealth
 + Level 13.2(12.4) Evocations


You had 9 spell levels left.
You didn't know any spells.
Your spell library contained the following spells:

 Spells                   Type           Power        Failure   Level  Hunger
 Animate Skeleton         Necr           N/A          30%         1    ##.....
 Pain                     Necr           #...         30%         1    ##.....
 Regeneration             Chrm/Necr      #.........   67%         3    ####...
 Vampiric Draining        Necr           #.........   67%         3    ####...
 Animate Dead             Necr           N/A          97%         4    #####..
 Irradiate                Conj/Tmut      #.........   100%        5    ######.
 Hydra Form               Tmut           #.........   100%        6    #######
 Statue Form              Tmut/Erth      #........    100%        6    #######
 Dragon Form              Tmut           #.........   100%        7    #######


Dungeon Overview and Level Annotations

Branches:
Dungeon (1/1)

Altars:
Cheibriados
Dithmenos
Elyvilon
Gozag
Hepliaklqana
Kikubaaqudgha
Makhleb
Nemelex Xobeh
Okawaru
Qazlal
Ru
Sif Muna
Trog
Uskayaw
Vehumet
Wu Jian
Xom
Yredelemnul
Zin
The Shining One
Beogh
Jiyva
Lugonu

Shops:
D !}!%!


Innate Abilities, Weirdness & Mutations

You are very small and have problems with some larger weapons.
You are too small for most types of armour.
You have supernaturally acute eyesight. (SInv)
You are a herbivore.
You cover ground extremely quickly.
You need to consume almost no food.
You are clumsy. (Dex -2)


Message History

The spriggan rider completely misses you.
You hit the spriggan rider.
The spriggan rider is severely wounded.
Your extra speed is starting to run out.
You miss the spriggan rider.
The spriggan rider is severely wounded.
Your shadow hits the spriggan rider with a dagger.
You barely miss the spriggan rider.
The spriggan rider is severely wounded.
Your shadow hits the spriggan rider but does no damage.
The spriggan rider misses you.
You barely miss the spriggan rider.
The spriggan rider is severely wounded.
Your shadow hits the spriggan rider but does no damage.
You barely miss the spriggan rider.
The spriggan rider is severely wounded.
You hit the spriggan rider.
The spriggan rider is severely wounded.
The spriggan rider hits you with a +0 spear!
You die...

'.#.).'.._._._._._..)..#...#....'
#.#...#..._._._._...#..###'##..(#
####'##.._._._._._..#..##∩∩.'...#
..'...#._._._._._.⌠.#############
..#...###################.....)##
.######♣♣♣♣♣..♣.###.i..ii......'.
###.['......♣§§♣##..#..#.P.....##
.....#♣..♣♣♣.♣§§###.##+##.P....#
.....#.♣♣.[♣...♣@iii#*,*########
#######**############,,,,,****
,,,,,,,,,,,,* ***,,*,,*,,,,***
,,,,,,,,,,,,*****,,,*,,,,,,*,,,**
,,,,,,,,,,,,,,,,,,,,,*,,,,,∩,∩,,,
,,,,,,,,,,,,,,*******************
+************** ******* *******
,,,,,* ***,,*****,,,∩∩***,,,,,***
,,,,,* *,,,,+,,,,,,,,,**,,,,,,+,*


You could see a spriggan rider and 2 spriggans.

Vanquished Creatures
  A spriggan druid (D)
  6 oklob plants (D)
  A demonic crawler (D)
  3 burning bushes (D)
  3 wandering mushrooms (D)
  A queen bee (D)
  2 scorpions (D)
  4 killer bees (D)
  5 oklob saplings (D)
  A worker ant (D)
  2 spriggans (D)
  A river rat (D)
  A rat (D)
  2 ballistomycetes (D)
  A ballistomycete spore (D)
34 creatures vanquished.

Notes
Turn   | Place    | Note
-------+----------+-------------------------------------------
     0 | D        | nuthulu the Spriggan Assassin began the quest for the Orb.
     0 | D        | Reached XP level 1. HP: 10/10 MP: 2/2
     8 | D        | Reached skill level 7 in Stealth
     8 | D        | Reached XP level 2. HP: 15/15 MP: 3/3
   114 | D        | Noticed an oklob sapling
   116 | D        | Killed an oklob sapling
   116 | D        | Reached skill level 8 in Stealth
   116 | D        | Reached XP level 3. HP: 19/19 MP: 4/4
   119 | D        | Found the amulet of invisibility {+Inv}
   120 | D        | Reached skill level 9 in Stealth
   137 | D        | Found an opulent altar of Gozag.
   137 | D        | Found a hazy altar of Hepliaklqana.
   137 | D        | Found a burning altar of Makhleb.
   137 | D        | Found a sparkling altar of Nemelex Xobeh.
   137 | D        | Found a sacrificial altar of Ru.
   137 | D        | Found a deep blue altar of Sif Muna.
   137 | D        | Found an ornate altar of the Wu Jian Council.
   137 | D        | Found a shimmering altar of Xom.
   137 | D        | Found a basalt altar of Yredelemnul.
   138 | D        | Found a viscous altar of Jiyva.
   138 | D        | Found a roughly hewn altar of Beogh.
   138 | D        | Found a snail-covered altar of Cheibriados.
   138 | D        | Found a bloodstained altar of Trog.
   138 | D        | Noticed an oklob sapling priest
   139 | D        | Found an iron altar of Okawaru.
   139 | D        | Found a shadowy altar of Dithmenos.
   139 | D        | Found a glowing silver altar of Zin.
   140 | D        | Found an ancient bone altar of Kikubaaqudgha.
   140 | D        | Found a hide-covered altar of Uskayaw.
   141 | D        | Found a stormy altar of Qazlal.
   141 | D        | Found a white marble altar of Elyvilon.
   141 | D        | Found a glowing golden altar of the Shining One.
   142 | D        | Found a corrupted altar of Lugonu.
   142 | D        | Found a radiant altar of Vehumet.
   145 | D        | Killed an oklob sapling priest
   145 | D        | Reached skill level 5 in Short Blades
   145 | D        | Reached skill level 10 in Stealth
   145 | D        | Reached XP level 4. HP: 24/24 MP: 2/7
   149 | D        | Became a worshipper of Dithmenos the Shadowed
   200 | D        | Reached skill level 11 in Stealth
   200 | D        | Reached XP level 5. HP: 28/28 MP: 5/8
   378 | D        | Reached * piety under Dithmenos
   378 | D        | Reached skill level 12 in Stealth
   385 | D        | Reached skill level 5 in Evocations
   600 | D        | Found Kameraup's Gadget Shop.
   600 | D        | Found Rihim's Distillery.
   606 | D        | Bought a potion of heal wounds for 70 gold pieces
   610 | D        | Noticed a burning bush
   610 | D        | Noticed a wandering mushroom
   611 | D        | Noticed a wandering mushroom
   613 | D        | Killed a wandering mushroom
   613 | D        | Reached skill level 14 in Stealth
   613 | D        | Reached XP level 6. HP: 32/32 MP: 7/12
   615 | D        | Reached ** piety under Dithmenos
   617 | D        | Killed a wandering mushroom
   617 | D        | Reached skill level 10 in Dodging
   617 | D        | Reached skill level 15 in Stealth
   617 | D        | Reached XP level 7. HP: 36/36 MP: 7/14
   639 | D        | Killed a burning bush
   639 | D        | Reached skill level 16 in Stealth
   757 | D        | Found Tisaot's Food Emporium.
   757 | D        | Found Xytattiest's Distillery.
   808 | D        | Noticed a queen bee
   818 | D        | Reached *** piety under Dithmenos
   818 | D        | Reached XP level 8. HP: 40/40 MP: 12/15
   822 | D        | Reached skill level 17 in Stealth
   824 | D        | Killed a queen bee
   824 | D        | Reached **** piety under Dithmenos
   939 | D        | Noticed a burning bush
   942 | D        | Killed a burning bush
   942 | D        | Reached skill level 18 in Stealth
   942 | D        | Reached skill level 10 in Evocations
   960 | D        | Noticed an oklob plant
   963 | D        | Killed an oklob plant
   963 | D        | Reached skill level 10 in Short Blades
   963 | D        | Reached XP level 9. HP: 44/44 MP: 16/18
  1100 | D        | Gained mutation: You are clumsy. (Dex -2) [mutagenic glow]
  1203 | D        | Noticed a burning bush
  1203 | D        | Noticed an oklob plant
  1204 | D        | Noticed a wandering mushroom
  1205 | D        | Killed a burning bush
  1205 | D        | Reached skill level 19 in Stealth
  1210 | D        | Killed an oklob plant
  1210 | D        | Reached ***** piety under Dithmenos
  1214 | D        | Killed a wandering mushroom
  1214 | D        | Reached skill level 20 in Stealth
  1225 | D        | Noticed a spriggan druid
  1226 | D        | Killed a spriggan druid
  1241 | D        | Noticed an oklob plant conjurer
  1243 | D        | Killed an oklob plant conjurer
  1425 | D        | Noticed an oklob plant
  1425 | D        | Noticed an oklob plant summoner
  1426 | D        | Noticed an oklob plant shifter
  1430 | D        | Killed an oklob plant
  1430 | D        | Reached skill level 21 in Stealth
  1430 | D        | Reached XP level 10. HP: 49/49 MP: 17/20
  1433 | D        | Killed an oklob plant summoner
  1435 | D        | Killed an oklob plant shifter
  1450 | D        | Noticed a spriggan rider
  1451 | D        | Found Muil's Distillery.
  1556 | D        | Mangled by a spriggan rider

Skill      XL: |  1  2  3  4  5  6  7  8  9 10 |
---------------+-------------------------------+-----
Fighting       | 2 3 |  3.1
Short Blades   | 3 5 7 8 10 11 12 | 12.0
Dodging        | 2 4 6 9 10 11 12 14 | 14.9
Stealth        | 7 8 10 11 14 15 16 18 21 | 21.8
Evocations     | 2 3 7 8 9 10 12 13 | 13.2
Throwing       | |  2.0

Action                   |  1- 3 |  4- 6 |  7- 9 | 10-12 || total
-------------------------+-------+-------+-------+-------++-------
Melee: Dagger            |     6 |    24 |    60 |    80 ||   170
Invok: Shadow Form       |       |       |       |     1 ||     1
 Abil: Evoke Invisibilit |     1 |     3 |     5 |     1 ||    10
  Use: Potion            |       |       |     1 |     1 ||     2
       Scroll            |       |       |     2 |       ||     2
 Stab: Sleeping          |     4 |     3 |    16 |     3 ||    26
       Invisible         |       |     2 |       |       ||     2
  Eat: Ration            |       |       |     1 |     1 ||     2
Armor: Robe              |     1 |       |       |     1 ||     2
Dodge: Dodged            |     2 |    12 |     4 |    22 ||    40
